 Dungeon Crawl Stone Soup version 0.26.1-15-g04117e645d (webtiles) character file.

Game seed: 5431654859994254438

1265 Bruhh the Fighter (level 8, -7/57 HPs)
             Began as a Gargoyle Fighter on Apr 23, 2022.
             Was a Believer of the Shining One.
             Engulfed by a steam dragon's steam (10 damage)
             ... on level 7 of the Dungeon.
             The game lasted 00:08:22 (5588 turns).

Bruhh the Fighter (Gargoyle Fighter)                Turns: 5588, Time: 00:08:23

Health: -7/57      AC: 14    Str: 22    XL:     8   Next: 52%
Magic:  12/12      EV:  7    Int:  9    God:    the Shining One [**....]
Gold:   375        SH:  9    Dex:  9    Spells: 7/7 levels left

rFire    . . .     SeeInvis +   a - +1 long sword
rCold    . . .     Faith    .   c - +0 kite shield
rNeg     + + .     Spirit   .   b - +0 scale mail
rPois    ∞         Reflect  .   q - +1 helmet
rElec    +         Harm     .   (no cloak)
rCorr    .         Rampage  .   (no gloves)
Will     .....                  (no boots)
Stlth    ..........             t - amulet of magic regeneration
HPRegen  0.19/turn              p - ring of see invisible
MPRegen  0.38/turn              (no ring)

@: glowing
A: negative energy resistance 1, electricity resistance, unbreathing,
petrification resistance, miasma immunity, AC +5
a: Renounce Religion, Divine Shield


You were on level 7 of the Dungeon.
You worshipped the Shining One.
The Shining One was pleased with you.
You visited 1 branch of the dungeon, and saw 7 of its levels.

You collected 375 gold pieces.

Inventory:

Hand Weapons
 a - a +1 long sword (weapon)
Missiles
 D - a throwing net (quivered)
Armour
 b - a +0 scale mail (worn)
 c - a +0 kite shield (worn)
 q - a +1 helmet (worn)
Jewellery
 e - an uncursed amulet of regeneration {unknown}
 p - a ring of see invisible (left hand)
 t - an amulet of magic regeneration (around neck)
Wands
 x - a wand of iceblast (20)
Scrolls
 h - a scroll of torment {unknown}
 j - a scroll of amnesia
 k - 3 scrolls of blinking {unknown}
 l - 4 scrolls of teleportation
 s - 3 scrolls of remove curse
 u - 3 scrolls of fog
 y - 3 scrolls of magic mapping
 z - a scroll of identify
 B - 3 scrolls of noise {unknown}
 C - 2 scrolls of enchant armour {unknown}
Potions
 d - a potion of might
 f - 4 potions of degeneration {unknown}
 g - a potion of mutation {unknown}
 i - a potion of attraction {unknown}
 m - a potion of heal wounds {unknown}
 n - a potion of cancellation {unknown}
 o - a potion of haste {unknown}
 r - 4 potions of curing
 v - a potion of lignification {unknown}
 w - a potion of experience {unknown}
 A - 2 potions of resistance {unknown}


   Skills:
 - Level 10.0 Fighting
 - Level 1.7 Long Blades
 - Level 3.2 Armour
 - Level 3.2 Shields
 * Level 5.4 Invocations


You had 7 spell levels left.
You didn't know any spells.
Your spell library was empty.

Dungeon Overview and Level Annotations

Branches:
Dungeon (7/15)             Temple (0/1) D:5

Altars:
Nemelex Xobeh
Qazlal
Sif Muna
The Shining One

Shops:
D:4 }


Innate Abilities, Weirdness & Mutations

You are resistant to torment.
Your stone body is resilient. (AC +5)
You are immune to poison.
You resist negative energy. (rN+)
You are resistant to electric shocks. (rElec)
You can survive without breathing.
You are immune to petrification.
You are immune to miasma.


Message History

You hit the steam dragon.
The steam dragon is heavily wounded.
The steam dragon bites you. The steam dragon closely misses you.
The steam dragon barely misses you. You block the steam dragon's attack.
You hit the steam dragon but do no damage.
The steam dragon is heavily wounded.
You block the steam dragon's attack. The steam dragon claws you.
* * * LOW HITPOINT WARNING * * *
You hit the steam dragon.
The steam dragon is heavily wounded.
The steam dragon breathes steam at you. The ball of steam hits you!
* * * LOW HITPOINT WARNING * * *
The steam dragon barely misses you.
The steam dragon claws you but does no damage.
Items here: ))) ††.
As you read the scroll labelled KAAV QOESU, it crumbles to dust.
You feel aware of your surroundings.
It was a scroll of magic mapping.
You are engulfed in a cloud of scalding steam.
You die...

#########........# ####.#...#
******** ####†######
*****,,,,,,* #.....)>..#######
*>,,,,,,**,* #.##.####.......#
*,,,,,,,**,* #.##.# #.......#
*,,,,,,,**,* #.##.####.......#
*,,,,,,,,*,* #)##............#
*,,,,,,..*,* #@##..###.......#
*,,,,,,....###D#...###.).>...#
*,,,,,,......§§§....##.......#
****,**#######..............##
*,* ####.#####.....#**
****,**** *.# *,,,,,,,,
*,,,,,,,* *,# *,,,,,***
*,**,**,* **+** *,,,,,* *
*,**,**,* **,,,** ******* *


You could see a steam dragon.

Vanquished Creatures
  Menkaure (D:6)
  A bullfrog (D:6)
  A gnoll sergeant (D:7)
  5 killer bees (D:7)
  3 wights (D:7)
  A bullfrog zombie (D:6)
  A hound (D:4)
  3 orc priests
  A jelly (D:5)
  A bullfrog skeleton (D:4)
  An iguana (D:5)
  2 orc wizards (D:3)
  2 worker ants
  2 hound skeletons
  8 gnolls
  14 adders
  A shadow imp (D:6)
  2 adder skeletons
  4 worms
  A dart slug (D:1)
  3 leopard geckos
  16 orcs
  2 giant cockroaches
  5 hobgoblins
  5 jackals
  3 quokkas
  2 ball pythons
  8 bats
  2 frilled lizards
  2 goblins
  2 jackal skeletons
  4 kobolds
  6 rats
115 creatures vanquished.

Vanquished Creatures (others)
  8 plants (D:7)
8 creatures vanquished.

Grand Total: 123 creatures vanquished

Notes
Turn   | Place    | Note
-------+----------+-------------------------------------------
     0 | D:1      | Bruhh the Gargoyle Fighter began the quest for the Orb.
     0 | D:1      | Reached XP level 1. HP: 14/14 MP: 1/1
   118 | D:1      | Reached XP level 2. HP: 20/20 MP: 2/2
   183 | D:1      | Reached skill level 4 in Fighting
   605 | D:2      | Reached XP level 3. HP: 24/24 MP: 3/3
   956 | D:2      | Reached skill level 5 in Fighting
  1022 | D:2      | Found a glowing golden altar of the Shining One.
  1256 | D:2      | Became a worshipper of the Shining One
  1288 | D:3      | Reached XP level 4. HP: 18/32 MP: 4/4
  1834 | D:3      | Found a faded altar of an unknown god.
  1979 | D:3      | Reached skill level 6 in Fighting
  1983 | D:3      | Reached XP level 5. HP: 36/36 MP: 5/5
  2471 | D:3      | Reached skill level 7 in Fighting
  2688 | D:4      | Reached XP level 6. HP: 44/44 MP: 6/6
  2955 | D:4      | Reached * piety under the Shining One
  3006 | D:4      | Found Fuajuk's Gadget Shop.
  3154 | D:4      | Reached skill level 8 in Fighting
  3592 | D:5      | Entered Level 5 of the Dungeon
  3658 | D:5      | Reached XP level 7. HP: 32/50 MP: 7/7
  3768 | D:5      | Found a staircase to the Ecumenical Temple.
  3883 | D:5      | Found a stormy altar of Qazlal.
  4353 | D:6      | Reached skill level 9 in Fighting
  4782 | D:6      | Noticed Menkaure
  4782 | D:6      | Reached ** piety under the Shining One
  4789 | D:6      | Killed Menkaure
  4887 | D:6      | Found a shimmering blue altar of Sif Muna.
  4936 | D:6      | Reached skill level 10 in Fighting
  4953 | D:6      | Found a sparkling altar of Nemelex Xobeh.
  5281 | D:7      | Reached skill level 1 in Invocations
  5281 | D:7      | Reached XP level 8. HP: 57/57 MP: 7/9
  5496 | D:7      | Reached skill level 5 in Invocations
  5588 | D:7      | Engulfed by a steam dragon's steam

Illustrated notes

Levels and vault maps discovered:
D:1:      heliophobic_arrival_glass_houses, layout_rooms
D:2:      layout_loops_ring, lemuel_crystal_altar
D:3:      layout_rooms, chequers_ecumenical_altar_simple_redux
D:4:      layout_basic, serial_shops,
          nicolae_shop_temple_entry_statues_fountains
D:5:      layout_rooms, lemuel_doored_altar, minmay_temple_entry_glass,
          chequers_serial_rivers_micro_b
D:6:      layout_loops_ring, kennysheep_mini_moat, led_sif_pool, uniq_menkaure
D:7:      layout_loops_corners, minmay_shattered_shrine, uniq_joseph, uniq_pikel

Skill      XL: |  1  2  3  4  5  6  7  8 |
---------------+-------------------------+-----
Fighting       | 4 5 6 7 8 10 | 10.0
Invocations    | 1 5 |  5.4
Long Blades    | |  1.7
Armour         | |  3.2
Shields        | |  3.2

Action                   |  1- 3 |  4- 6 |  7- 9 || total
-------------------------+-------+-------+-------++-------
Melee: Long sword        |    91 |   160 |   169 ||   420
  Use: Scroll            |       |       |     7 ||     7
Armor: Scale mail        |    65 |   111 |   108 ||   284
Dodge: Dodged            |    41 |    58 |    56 ||   155
Block: Kite shield       |    53 |   102 |   100 ||   255
       Rpst.: Long sword |    12 |    18 |    10 ||    40
